 Dungeon Crawl Stone Soup version 0.31-a0-986-g5e6e4ef867 (webtiles) character file.

Game seed: 17104051896111100425

66 dialectric the Covert (level 3, 0/17 HPs)
             Began as a Felid Delver on Nov 19, 2023.
             Slain by an adder (1 damage)
             ... on level 4 of the Dungeon.
             The game lasted 00:01:06 (280 turns).

dialectric the Covert (Felid Delver)                 Turns: 280, Time: 00:01:06

Health: 0/17       AC:  1    Str:  8    XL:     3   Next: 96%
Magic:  4/4        EV: 18    Int: 11    God:
Gold:   93         SH:  0    Dex: 19    Spells: 2/2 levels left
                                        Lives:  0   Deaths: 1

rFire   . .          .
                       - Unarmed
rCold   . . .        (shield unavailable)
rNeg    . . .        (body armour unavailable)
rPois   .            (helmet unavailable)
rElec   .            (cloak unavailable)
rCorr   .            (gloves unavailable)
SInv    +            (boots unavailable)
Will    .....        (no amulet)
Stlth   ++++         (no ring)
HPRegen 0.22/turn    (no ring)
MPRegen 0.09/turn

%: no passive effects
@: lethally poisoned (0 -> 0), hasted, very quick
A: very small, claws 1, fangs 3, see invisible, speed 1, shaggy fur 1, stealthy
paws, no weapons or thrown items, no armour, multi-lived
a: no special abilities


You were on level 4 of the Dungeon.
You visited 1 branch of the dungeon, and saw 2 of its levels.

You collected 93 gold pieces.

Inventory:

Wands
 e - a wand of digging (3)
Scrolls
 a - a scroll of fog
 b - a scroll of revelation
 c - a scroll of fear


   Skills:
 + Level 3.4 Fighting
 + Level 2.8 Dodging
 + Level 8.1 Stealth
 + Level 2.2 Unarmed Combat


You had 2 spell levels left.
You didn't know any spells.
Your spell library was empty.

Dungeon Overview and Level Annotations

Branches:
Dungeon (5/15)
 Temple: D:4-7

Altars:

Portals:
Sewer: D:4


Innate Abilities, Weirdness & Mutations

You have sharp claws.
You have razor-sharp teeth.
You have supernaturally acute eyesight. (SInv)
You cover ground quickly. (Speed+)
You are covered in fur. (AC +1)
Your paws help you pounce on unaware monsters.
You are incapable of wielding weapons or throwing items.
You cannot wear armour.
You gain extra lives every three experience levels.


Message History

You barely miss the kobold.
You hear the slow rusting of a distant drain.
The kobold hits you with a +0 club. The goblin hits you with a +0 dagger.
You scratch the kobold.
The kobold is severely wounded.
The kobold misses you. The goblin misses you.
You closely miss the kobold. Your bite misses the kobold.
The kobold is severely wounded.
The iguana hisses menacingly.
The kobold hits you with a +0 club. The goblin completely misses you.
You are too injured to fight recklessly!
You are too injured to fight recklessly!
You are too injured to fight recklessly!
You are too injured to fight recklessly!
Unknown command.
The kobold attacks as it pursues you! The kobold misses you.
You are too injured to fight recklessly!
You closely miss the kobold.
The kobold is severely wounded.
The kobold barely misses you.
You are too injured to fight recklessly!
You scratch the kobold.
You kill the kobold!
You scratch the adder.
The adder is moderately wounded.
The adder bites you. x2
You are poisoned.
The adder poisons you!
* * * LOW HITPOINT WARNING * * *
You feel sick. The adder barely misses you.
* * * LOW HITPOINT WARNING * * *
You feel sick. The adder closely misses you.
* * * LOW HITPOINT WARNING * * *
You feel sick. The adder closely misses you.
* * * LOW HITPOINT WARNING * * *
You feel sick.
You feel yourself speed up.
* * * LOW HITPOINT WARNING * * *
You feel sick. The adder bites you.
You die...

###.##.##..##
........
#.##......##
#.w....
.....###...# .g..#
..#<#### #.#.#
#).# .<... #.#.#
##w# ..### #.#.#
###gl# ..# #.#.#
#.g.## #.#.#
#S########
#...###@#......#
#.#.........)..#
#...#..........#
#####.#....).....#
#.....##.>.......#
#.###............#
#.# #.###........#
#.# #.# ###.######
#.# #.# #.#


You could see an adder, a dart slug and 2 goblins.

Vanquished Creatures
  A hound (D:4)
  An iguana (D:4)
  An orc (D:4)
  3 endoplasms (D:4)
  2 goblins (D:4)
  A kobold (D:4)
  A ball python (D:4)
  2 rats (D:4)
12 creatures vanquished.

Notes
Turn   | Place    | Note
-------+----------+-------------------------------------------
     0 | D:5      | dialectric the Felid Delver began the quest for the Orb.
     0 | D:5      | Reached XP level 1. HP: 10/10 MP: 2/2
    52 | D:5      | Noticed an iguana
    92 | D:4      | Noticed a hound
    96 | D:4      | Noticed an iguana
    97 | D:4      | Killed a hound
    98 | D:4      | Reached skill level 7 in Stealth
    98 | D:4      | Reached XP level 2. HP: 14/14 MP: 3/3
    98 | D:4      | Reached XP level 3. HP: 17/17 MP: 4/4
   104 | D:4      | Reached skill level 8 in Stealth
   240 | D:4      | Found a glowing drain.
   253 | D:4      | Slain by a ball python
   280 | D:4      | Slain by an adder

Illustrated notes

Levels and vault maps discovered:
D:4:      layout_basic, portal_sewer_entry_b
D:5:      layout_basic

Skill      XL: |  1  2  3 |
---------------+----------+-----
Stealth        | 7 8 |  8.1
Fighting       | |  3.4
Dodging        | |  2.8
Unarmed Combat | |  2.2

Action                     || total
---------------------------++-------
  Melee: Unarmed           ||    34
         Bite              ||     3
    Use: Potion            ||     1
   Stab: Sleeping          ||     5
 Armour: Skin              ||    20
  Dodge: Dodged            ||    53

Table legend: (Time is in decaauts)
 A = Elapsed time spent in this place.
 B = Non-inter-level travel time spent in this place.
 C = Inter-level travel time spent in this place.
 D = Time resting spent in this place.
 E = Time spent auto-exploring this place.
 F = Levels seen in this place.
 G = Mean time per level.
                   A        B        C        D        E       F      G
               +--------+--------+--------+--------+--------+-----+--------+
         Total |    236 |    236 |      0 |      0 |     60 |   2 |  118.0 |
       Dungeon |    236 |    236 |      0 |      0 |     60 |   2 |  118.0 |
               +--------+--------+--------+--------+--------+-----+--------+

Top non-repeatable levels by time:
     D:4: 162 daAuts
     D:5: 74 daAuts
